 Dungeon Crawl Stone Soup version 0.22-a0-603-gfc1114d (webtiles) character file.

28 Amnesiac the Magician (level 3, 0/19 HPs)
             Began as a Deep Elf Wizard on July 8, 2018.
             Slain by an ooze (3 damage)
             ... on level 3 of the Dungeon.
             The game lasted 00:01:20 (414 turns).

Amnesiac the Magician (Deep Elf Wizard)              Turns: 414, Time: 00:01:21

Health: 0/19       AC:  2    Str:  4    XL:     3   Next: 0%
Magic:  4/11       EV: 13    Int: 23    God:
Gold:   9          SH:  0    Dex: 13    Spells: 6/11 levels left

rFire    . . .     SeeInvis .   h - +0 rapier (venom)
rCold    . . .     Gourm    .   (no shield)
rNeg     . . .     Faith    .   a - +0 robe
rPois    .         Spirit   .   (no helmet)
rElec    .         Reflect  .   (no cloak)
rCorr    .         Harm     .   (no gloves)
MR       .....                  (no boots)
Stlth    ++........             (no amulet)
HPRegen  0.06/turn              (no ring)
MPRegen  0.12/turn              (no ring)

@: no status effects
A: no striking features
a: no special abilities


You were on level 3 of the Dungeon.
You were not hungry.

You visited 1 branch of the dungeon, and saw 3 of its levels.

You collected 9 gold pieces.

Inventory:

Hand Weapons
 h - a +0 rapier of venom (weapon)
Armour
 a - a +0 robe (worn)
Scrolls
 f - 3 scrolls of remove curse {!r, unknown}
Potions
 b - a potion of brilliance {!q, unknown}
 e - a potion of lignification {!q, unknown}
Comestibles
 c - 5 chunks of flesh
 d - 3 rations


   Skills:
 - Level 2.4 Dodging
 - Level 2.4 Stealth
 - Level 4.5 Spellcasting
 * Level 3.2 Conjurations
 - Level 1.1 Summonings
 - Level 1.1 Translocations


You had 6 spell levels left.
You knew the following spells:

 Your Spells              Type           Power        Failure   Level  Hunger
a - Magic Dart            Conj           ###.         2%          1    None
b - Call Imp              Summ           ##......     10%         2    None
v - Blink                 Tloc           N/A          10%         2    None

Your spell library contained the following spells:

 Spells                   Type           Power        Failure   Level  Hunger
 Conjure Flame            Conj/Fire      ##......     16%         3    ##.....
 Slow                     Hex            #.......     16%         2    None
 Mephitic Cloud           Conj/Pois/Air  ##......     19%         3    ##.....


Dungeon Overview and Level Annotations

Branches:
Dungeon (3/15)

Altars:

Annotations:
D:3 2 runed doors


Message History

Your magical contamination has completely faded away.
You hear the slow rusting of a distant drain.
Things that are here:
an enchanted trident; a leather armour A goblin comes into view.
An ooze comes into view.
You see here a scroll labeled APEOZI ORHAM {!r}.
f - 3 scrolls labeled APEOZI ORHAM {!r} (gained 1)
Found 17 bolts.
Casting: Call Imp (safe; 11% risk of failure)
Confirm with . or Enter, or press ? or * to list all spells.
A beastly little devil appears in a puff of flame.
An orc comes into view. It is wielding a dagger.
The goblin barely misses your crimson imp.
You swap places.
The orc drinks a potion.
The orc suddenly seems more resistant.
The goblin misses you. The goblin barely misses you.
You see here 17 bolts.
You hit the goblin.
The goblin is poisoned.
The goblin is severely wounded.
You kill the goblin!
The ooze closely misses your crimson imp.
The orc closely misses your crimson imp.
The ooze hits your crimson imp. What are your orders? t - Shout!
Orders for allies: a - Attack new target. r - Retreat! s - Stop attacking. g - Guard the area. f - Follow me.
Anything else - Cancel.
Retreat in which direction?
Press: ? - help, Dir - move target cursor Fall back!
The orc closely misses your crimson imp.
The ooze hits your crimson imp.
Unknown command.
What are your orders? t - Shout!
Orders for allies: a - Attack new target. r - Retreat! s - Stop attacking. g - Guard the area. f - Follow me.
Anything else - Cancel.
Gang up on whom?
Press: ? - help, Dir - move target cursor, f - orc
Aim: an orc, wielding a dagger and wearing a leather armour (unusually resistant) Attack!
The orc closely misses you.
You hit the orc but do no damage. The orc barely misses you.
The orc hits you with a dagger.
* * * LOW HITPOINT WARNING * * *
You barely miss the orc. The orc barely misses you.
You barely miss the orc.
Your crimson imp blinks!
The orc barely misses you.
You hit the orc.
The orc is heavily wounded.
The orc hits you with a dagger.
* * * LOW HITPOINT WARNING * * *
You hit the orc.
You kill the orc!
You have reached level 3!
Your experience leads to an increase in your attributes!
Increase (S)trength, (I)ntelligence, or (D)exterity?
You feel clever. The ooze hits you.
You die...

##.........#
##..######### ..
###..## ..
.....## . ..>#..#
.# .####.###
###5# .# #...#
#... ## ###.#
###J# #)### #.@(#
#...# ##.### ###
###.####..# #.#
#..##.)## #.##
#####.##.## #..#
#........#
##.###<.......#
#.............#
###.##.......[..#


You could see an ooze and a friendly crimson imp.

Vanquished Creatures
  A dart slug (D:3)
  A leopard gecko (D:3)
  5 orcs (D:3)
  A ball python (D:3)
  A giant cockroach (D:2)
  A goblin (D:3)
  3 hobgoblins
  A kobold (D:1)
  2 bats (D:3)
  2 rats (D:3)
18 creatures vanquished.

Notes
Turn   | Place    | Note
-------+----------+-------------------------------------------
     0 | D:1      | Amnesiac the Deep Elf Wizard began the quest for the Orb.
     0 | D:1      | Reached XP level 1. HP: 10/10 MP: 7/7
   249 | D:3      | Reached XP level 2. HP: 15/15 MP: 5/9
   253 | D:3      | Learned a level 2 spell: Blink
   256 | D:3      | Learned a level 2 spell: Call Imp
   265 | D:3      | Found a large runed door.
   265 | D:3      | Found a large runed door.
   413 | D:3      | Reached XP level 3. HP: 3/19 MP: 3/11
   414 | D:3      | Slain by an ooze

Vault maps used:
D:1:      elethiomel_arrival_infinity_welcomes_careful_drivers,
          kennysheep_pointless_box
D:2:      lemuel_crystal_altar, nicolae_overflow_crystal_walls,
          chequers_temple_overflow_statue_of_worship, uniq_sigmund
D:3:      ebering_ghost_disaster_area, first_ration, gup_sewer_entry_bubbles,
          uniq_jessica

Skill      XL: |  1  2 |
---------------+-------+-----
Conjurations   | 2 3 |  3.2
Dodging        | |  2.4
Stealth        | |  2.4
Spellcasting   | |  4.5
Summonings     | |  1.1
Translocations | |  1.1

Action                   || total
-------------------------++-------
Melee: Rapier            ||    13
 Cast: Magic Dart        ||    35
       Call Imp          ||     1
Armor: Robe              ||     1
Dodge: Dodged            ||    11

Table legend:
 A = Spawn XP
 B = Non-spawn XP
 C = Spawn XP percentage of total XP
 D = Spawn monster count
 E = Non-spawn monster count
 F = Spawn count percentage of total count
 G = Total turns spent on level
                    A         B        C        D         E        F      G
               +---------+---------+-------+---------+---------+-------+---------
         Total |       0 |      41 |   0.0 |       0 |      18 |   0.0 |   414
               +---------+---------+-------+---------+---------+-------+---------
           D:1 |       0 |       6 |   0.0 |       0 |       3 |   0.0 |   132
           D:2 |       0 |       4 |   0.0 |       0 |       2 |   0.0 |   111
           D:3 |       0 |      31 |   0.0 |       0 |      13 |   0.0 |   171
               +---------+---------+-------+---------+---------+-------+---------
